[Event "26th Tamil Nadu IM-Norm Chennai 2024"]
[Site "Chennai"]
[Date "2024.09.01"]
[Round "4.1"]
[White "Harshad S"]
[Black "Vahidov, Tair"]
[Result "1/2-1/2"]
[Annotator "TA"]
[ECO "C02"]
[WhiteElo "2275"]
[BlackElo "2345"]
[PlyCount "77"]
[EventDate "2024.08.30"]
[EventCountry "IND"]
[SourceTitle "playchess.com"]
[Source "ChessBase"]
[SourceQuality "1"]
[TimeControl "5400+30"]

1. e4 e6 2. d4 d5 3. e5 c5 4. c3 Nc6 5. Nf3 Qb6 6. a3 Bd7 7. b4 cxd4 8. cxd4 Rc8 9. Bb2 Na5 10. Nbd2 Nc4 11. Nxc4 dxc4 12. Rc1 Qa6 13. d5 exd5 14. Qxd5 Be6 15. Qe4 Nh6 16. Nd4 b5 {[%emt 0:00:41] White is better.} 17. Be2 Be7 18. O-O {[%emt 0:06:16][%cal Oa3a4] Hoping for a4!} O-O 19. Rc3 g6 20. g4 $1 {[%emt 0:01:08] White is much more active.} f5 21. exf6 Bxf6 22. Nxe6 Rfe8 {[%emt 0:01:27] [#]} 23. Qf4 Rxe6 $11 (23... Qxe6 $2 24. Re3 Bxb2 25. Rxe6 (25. Qxh6 $2 Qf7 $17) 25... Rxe6 26. Qd2 $18) 24. Bf3 {[%emt 0:00:38][%cal Of3d5] Strongly threatening Bd5!} Nf7 25. Bd5 Qd6 $36 {[%emt 0:00:28][%mdl 2048] Black has strong initiative.} 26. Qf3 {[%emt 0:01:17] [#]} (26. Bxe6 $2 {is the wrong capture.} Qxf4 27. Bc1 Qd6 $19) (26. Rf3 $17 Qxd5 27. Bxf6) 26... Ng5 $1 $19 27. Qg2 (27. Bxe6+ Qxe6 28. Qg2 Bxc3 29. Bxc3 Rf8) 27... Bxc3 28. Bxc3 {[%emt 0:01:32][%cal Of1d1] [#] This pair of bishops is nice.} Nh3+ $1 29. Kh1 {[%emt 0:01:23] f4 would now be deadly.} Nf4 $1 30. Bxe6+ Qxe6 31. Qb7 {[%emt 0:01:15][%csl Gc3][%cal Rb7g7] [#]} Qd5+ ({Weaker is} 31... Qxg4 32. Qg7#) (31... Qc6+ $1 $19 32. Qxc6 Rxc6) 32. Qxd5+ $17 Nxd5 {[%emt 0:00:08][%mdl 4096] Endgame. KRB-KRN} 33. Bd4 c3 {[%emt 0:00:43] Threatens to win with ...c2.} 34. Rc1 a6 (34... Kf7 $17 35. Bxa7 Rc4) 35. Bc5 $1 $15 Re8 36. Bd4 Rc8 37. Bc5 $1 Re8 {[%emt 0:00:07] aiming for ...Re2.} (37... a5 $5 38. Kg2 axb4 39. axb4 h5 $14) 38. Bd4 Rc8 {[%emt 0:00:06] White must now prevent ...Kf7.} 39. Bc5 $1 {[%emt 0:00:45] Weighted Error Value: White=0.14 (very precise) /Black=0.21 (precise) .  Mistake:       	White=3     	Black=2      Inaccurate:     	---       	Black=2      OK:         	White=9     	Black=8      Best:        	White=5     	Black=4      Strong:       	White=4     	Black=1      Brilliant:      	---       	Black=1} 1/2-1/2

[Event "26th Tamil Nadu IM-Norm Chennai 2024"]
[Site "Chennai"]
[Date "2024.09.01"]
[Round "4.2"]
[White "Lokesh, N.."]
[Black "Annageldyev, Orazly"]
[Result "1-0"]
[Annotator "TA"]
[ECO "C54"]
[WhiteElo "2222"]
[BlackElo "2271"]
[PlyCount "61"]
[EventDate "2024.08.30"]
[EventCountry "IND"]
[SourceTitle "playchess.com"]
[Source "ChessBase"]
[SourceQuality "1"]
[TimeControl "5400+30"]

1. e4 e5 2. Nf3 Nc6 3. Bc4 Bc5 4. O-O Nf6 5. d3 h6 6. Re1 d6 7. c3 a5 8. Nbd2 O-O 9. Nf1 Ba7 {[%emt 0:00:12] The position is equal.} 10. Ng3 Be6 11. Bb5 Ne7 12. d4 c6 13. Bd3 Ng6 14. h3 {[%emt 0:02:53][%cal Bh2h3,Bh3h4][%mdl 32] Prevents Bg4} Re8 15. Be3 Nf4 16. Bf1 Qc7 17. Qd2 g5 (17... Ng6 $1 $14) 18. h4 $16 Nh7 19. Nf5 Bxf5 20. exf5 e4 (20... f6 $16 {was necessary.}) 21. hxg5 exf3 (21... Nd5 $142) 22. Bxf4 $18 {[%emt 0:00:07] [#] aiming for g6.} hxg5 23. Bxg5 fxg2 24. Bxg2 f6 {[%emt 0:00:33] Black is weak on the light squares} 25. Bf4 {[%emt 0:00:10] A strong pair of Bishops.} Kh8 26. Re6 Qg7 27. Rae1 (27. Rxd6 Rg8 28. Bg3 Bb8 $14) ({Don't do} 27. Bxd6 Ng5 28. Rxe8+ Rxe8 $18) 27... Rg8 28. Bg3 {[%emt 0:00:11][%cal Oe6e7] Re7! would now be deadly.} Qg4 $2 (28... Raf8 {was worth a try.} 29. R1e3 (29. Rxd6 Bb8 $16) 29... Qg5) 29. Qh6 d5 (29... Raf8 $142 30. Re7 (30. Rxd6 Rg7 $18) 30... Rg7) 30. Rxf6 {[%emt 0:03:00] White threatens Re7 and mate.} Raf8 {[%emt 0:00:57] [#]} 31. Re7 $1 {[%emt 0:00:33][%csl LRb7,LRh7] Weighted Error Value: White=0.09 (flawless) /Black=0.60.  Mistake:       	---       	Black=5      Inaccurate:     	---       	Black=2      OK:         	White=10    	Black=6      Best:        	White=2     	---} 1-0

[Event "26th Tamil Nadu IM-Norm Chennai 2024"]
[Site "Chennai"]
[Date "2024.09.01"]
[Round "4.3"]
[White "Manik, Mikulas"]
[Black "Gochelashvili, David"]
[Result "1-0"]
[Annotator "TA"]
[ECO "C70"]
[WhiteElo "2320"]
[BlackElo "2230"]
[PlyCount "121"]
[EventDate "2024.08.30"]
[EventCountry "IND"]
[SourceTitle "playchess.com"]
[Source "ChessBase"]
[SourceQuality "1"]
[TimeControl "5400+30"]

1. e4 e5 2. Nf3 Nc6 3. Bb5 a6 4. Ba4 g6 5. d4 exd4 6. Bg5 f6 7. Bf4 Bc5 8. c3 dxc3 9. Nxc3 d6 10. Bb3 Kf8 11. Nd5 Kg7 12. Rc1 Ba7 (12... Nge7 $11) 13. O-O $16 Nh6 {[%emt 0:03:56] [#]} (13... Be6 $142) 14. Nxf6 (14. e5 $1 $16 dxe5 (14... fxe5 $2 15. Bg5 $18) 15. Rxc6 bxc6 16. Nxe5) 14... Qxf6 $14 15. Bg5 Qf8 (15... Qxb2 $2 16. Rc2 $18) 16. Qd2 Ng4 (16... Nf7 $14 17. Rxc6 bxc6 18. Qc3+ Kg8) 17. Rxc6 $1 $16 bxc6 18. Qc3+ $1 Nf6 19. Qxc6 Bd7 (19... Bg4 $2 20. Qxc7+ Bd7 (20... Nd7 $2 21. Qc3+ $18) 21. Bxf6+ Qxf6 22. Qxd7+ Kh6 23. Bd5 $18) 20. Qxc7 (20. Qxa6 $2 Bxf2+ (20... Nxe4 $2 21. Qc4 $19) 21. Rxf2 Rxa6 $19) (20. Bxf6+ Qxf6 21. Qxd7+ Kh6 $14) 20... Bb8 (20... Bc5 $142 21. e5 (21. Bxf6+ Qxf6 22. Qxd7+ Kh6 $11) 21... dxe5) 21. Bxf6+ $16 Qxf6 22. Qxd7+ Kh6 23. Qc6 $1 Ra7 24. e5 $1 Qf4 25. g3 $1 Qb4 26. Qc1+ Kg7 27. Ng5 Re8 28. Ne6+ Rxe6 29. Bxe6 dxe5 30. Rd1 Rc7 31. Qg5 Qxb2 $2 (31... Re7 $16 {is tougher.} 32. a3 h6) 32. h4 Ba7 33. Rd2 Qc1+ $2 {[%emt 0:00:04] [#]} (33... h6 34. Qd8 (34. Rxb2 hxg5 35. hxg5 Bd4 $16) 34... Qb8 35. Rd7+ (35. Qxc7+ Qxc7 36. Rd7+ Qxd7 $11) 35... Rxd7 36. Qxd7+ Kh8) 34. Kh2 $1 $18 Bd4 35. h5 Kf8 36. Qf6+ (36. hxg6 hxg6 37. Qf6+ Ke8 38. Qxg6+ Ke7 $18) 36... Ke8 {[%emt 0:00:01] [#]} 37. Bb3 $2 (37. Rd3 $1 $18 {And now Rf3 would win.} Qc6 (37... Qh6 38. Rb3) 38. Rb3 (38. hxg6 hxg6 39. Rf3 Qxf3 $18)) 37... Rc6 $2 (37... Qxd2 $11 38. Qe6+ (38. Qxa6 $2 {is the wrong capture.} Qxf2+ 39. Kh3 Qf5+ 40. Kg2 Rc1 $19) (38. Ba4+ Rd7 $11) 38... Kd8 39. Qg8+ Kd7 40. Qe6+ Kd8 41. Qg8+ Kd7 42. Qe6+ Kd8) 38. Ba4 $18 Kd7 39. Qxc6+ Qxc6 40. Bxc6+ Kxc6 41. hxg6 hxg6 42. f4 Kc5 43. fxe5 Bxe5 44. Rd8 Kb4 45. Kg2 (45. Rg8 $142 a5 46. Rxg6) 45... a5 $18 46. Rd3 a4 47. Kf3 Bb2 48. Ke4 Bc1 49. Kd5 g5 50. Kc6 Kc4 51. Rd5 Kc3 52. Rb5 a3 53. Rb3+ Kd4 54. Kb5 Ke4 55. Kc4 Bb2 56. Rd3 $2 (56. Kc5 Bd4+ 57. Kd6) 56... g4 $2 (56... Kf5 57. Kd5 Kg4) 57. Rb3 $18 Bc1 58. Kc3 Kf3 59. Kc2+ Be3 60. Rxa3 Kf2 61. Rxe3 1-0

[Event "26th Tamil Nadu IM-Norm Chennai 2024"]
[Site "Chennai"]
[Date "2024.09.01"]
[Round "4.4"]
[White "Daakshin Arun"]
[Black "Rohit S"]
[Result "1-0"]
[Annotator "TA"]
[ECO "D50"]
[WhiteElo "2290"]
[BlackElo "2311"]
[PlyCount "83"]
[EventDate "2024.08.30"]
[EventCountry "IND"]
[SourceTitle "playchess.com"]
[Source "ChessBase"]
[SourceQuality "1"]
[TimeControl "5400+30"]

1. d4 d5 2. c4 e6 3. Nc3 Nf6 4. Bg5 dxc4 5. e3 c5 6. Bxf6 Qxf6 7. d5 a6 8. Nf3 {[%emt 0:00:14] White is slightly better.} exd5 9. Nxd5 Qd8 {[%emt 0:00:03] Prevents Nc7+} 10. a4 (10. Bxc4 $5 Be6 11. a4 $11) 10... Nc6 11. Bxc4 g6 (11... Bf5 $11 {is more appropriate.}) 12. Qd3 $14 Bg7 {[%emt 0:21:31][%cal Oe8g8] Wards off Qc3} 13. Qe4+ $1 Be6 14. Nf4 $1 {[%emt 0:09:31] A dynamic duo of knights.} Qa5+ (14... O-O $16 {was worth a try.} 15. Bxe6 (15. Nxe6 fxe6 16. h4 Re8 $18) 15... fxe6) 15. Ke2 $18 O-O-O 16. Bxe6+ (16. Nxe6 $6 fxe6 17. Rad1 Rhe8) 16... fxe6 17. Nxe6 Rde8 18. Qd5 {[%emt 0:18:46] Wards off Nd8. Active counter play!} Bxb2 19. Rab1 Qc3 {[%emt 0:08:03] [#]} 20. Rhd1 $1 {[%emt 0:11:28][%cal Od1d2] Rd2! would now be deadly.} Re7 {[%emt 0:12:22] [#]} (20... Qc2+ $142 21. Kf1 Re7) 21. Nxc5 (21. Rd2 $1 $18 {has better winning chances.} Qf6 22. Rdxb2 (22. Nxc5 Ba3 $18) 22... Qxe6 23. Qxe6+ (23. Qxc5 Kb8 $16) 23... Rxe6 24. Rxb7) 21... Qc2+ $16 22. Qd2 {[%emt 0:01:10] The board is on fire.} Qxc5 23. Qxb2 Qc4+ 24. Ke1 Rf8 {[%emt 0:00:57][%mdl 8192] This move loses the game for Black.} (24... Rd8 $16 {is more resistant.}) 25. Rdc1 $18 Qxa4 26. Nd4 Qa5+ 27. Kf1 Qc7 28. Qa3 Kd7 29. Nxc6 bxc6 30. Qxa6 Ke8 31. Rxc6 Qe5 32. Rc8+ $2 (32. Qc4 {Intending Rc8+ and mate.} Rxf2+ 33. Kg1) 32... Kf7 33. Qc4+ Kg7 34. Rxf8 Kxf8 {[%emt 0:00:00][%mdl 4096] Endgame. KQR-KQR} 35. h3 Qh2 $2 (35... Kg7 36. Qd4 Qxd4 37. exd4 Ra7) 36. Qc8+ Kf7 37. Rb4 {[%emt 0:01:59] Black must now prevent Rf4+.} Kg7 38. Rf4 Rf7 {[%emt 0:00:31] Prevents Qf8+} 39. Qc3+ Kf8 40. Qh8+ {[%emt 0:00:14] White mates.} Ke7 41. Qe5+ Kd8 42. Rd4+ {[%emt 0:00:04] Weighted Error Value: White=0.30/Black=0.54.  Loses game:     	---       	Black=1      Mistake:       	White=1     	Black=4      Inaccurate:     	White=1     	Black=2      OK:         	White=11    	Black=9      Best:        	White=5     	Black=2      Strong:       	White=2     	---} 1-0

[Event "26th Tamil Nadu IM-Norm Chennai 2024"]
[Site "Chennai"]
[Date "2024.09.01"]
[Round "4.5"]
[White "Borgaonkar Akshay"]
[Black "Pawar, Harshit"]
[Result "1-0"]
[Annotator "TA"]
[ECO "C65"]
[WhiteElo "2412"]
[BlackElo "2284"]
[PlyCount "133"]
[EventDate "2024.08.30"]
[EventCountry "IND"]
[SourceTitle "playchess.com"]
[Source "ChessBase"]
[SourceQuality "1"]
[TimeControl "5400+30"]

1. e4 e5 2. Nf3 Nc6 3. Bb5 Nf6 4. d3 Bc5 5. Bxc6 dxc6 6. Nbd2 {[%emt 0:00:06] C65: Ruy Lopez: Berlin Defence (3...Nf6), unusual lines and 4 0-0 Bc5.} Nd7 7. Qe2 Qe7 8. Nc4 f6 {[%emt 0:01:25] 8...b6 is the fancy move.} 9. O-O Nf8 10. c3 Bd6 $146 ({Predecessor:} 10... Bg4 11. b4 Bd6 12. Ne3 Be6 13. d4 Ng6 14. Nf5 Bxf5 15. exf5 exd4 16. Qc2 d3 17. Qxd3 {½-½ Mork,K (2293)-Forsaa,E (2322) NOR-chT 1617 2016 (3.5)}) 11. Nh4 Be6 12. Nf5 Bxf5 13. exf5 (13. Nxd6+ cxd6 14. exf5 Rc8) 13... Nd7 14. Na5 Rb8 (14... O-O-O $11) 15. b4 $14 O-O 16. Qe4 Qf7 17. Be3 Nb6 18. Rfc1 Qd5 (18... a6 $11) 19. a3 $16 Be7 20. c4 Qxe4 21. dxe4 Kf7 ({Black should play} 21... g6 22. c5 gxf5) 22. Rd1 (22. c5 $142) 22... Rfd8 (22... g6 $16 {was called for.} 23. g4 h5) 23. Rxd8 $18 Bxd8 24. Rd1 Ke8 25. f3 Nc8 26. Kf2 Nb6 27. g4 Be7 28. c5 Nd7 29. h4 h6 30. Kg3 a6 (30... Bf8 $142 31. Bf2 Be7) 31. f4 $18 Bd8 32. Bc1 Be7 33. g5 hxg5 34. fxg5 b6 35. Nxc6 Rc8 36. Nxe7 Kxe7 37. Be3 Ke8 38. g6 bxc5 39. bxc5 Nb8 40. h5 Nc6 41. Kg4 Rb8 42. h6 gxh6 43. Kh5 Rb3 44. Re1 (44. Bxh6 $2 {perishes.} Rh3+ (44... Rxa3 $2 {too greedy.} 45. Bg5 $18) 45. Kg4 Rxh6 $19) 44... Kf8 45. Kxh6 Kg8 46. g7 Kf7 47. Kh7 Ne7 48. Bh6 Rd3 49. Rb1 Rd8 50. Rb7 Rc8 51. Ra7 Ng8 52. Rxa6 Rd8 53. Ra7 Rc8 54. a4 Ke7 55. Rxc7+ Rxc7 56. Kxg8 Rc8+ 57. Kh7 Kf7 58. c6 Rg8 59. c7 Rc8 60. a5 Rg8 61. a6 Ra8 62. Bd2 Rg8 63. Kh6 Rc8 64. a7 Ra8 65. Bb4 Rg8 66. Bf8 Rh8+ 67. gxh8=B 1-0